 Dungeon Crawl Stone Soup version 0.25-a0-785-gb22c70e859 (webtiles) character file.

Game seed: 12959400364776163869, levelgen mode: deterministic

7 tilp the Bolt Thrower (level 2, 0/16 HPs)
             Began as a Kobold Arcane Marksman on Apr 17, 2020.
             Slain by a kobold
             ... wielding a +0 dagger
              (2 damage)
             ... on level 1 of the Dungeon.
             The game lasted 00:00:55 (190 turns).

tilp the Bolt Thrower (Kobold Arcane Marksman)       Turns: 190, Time: 00:00:55

Health: 0/16       AC:  5    Str:  7    XL:     2   Next: 5%
Magic:  3/3        EV: 12    Int: 14    God:
Gold:   27         SH:  0    Dex: 15    Spells: 2/3 levels left

rFire    . . .     SeeInvis .   a - +0 hand crossbow
rCold    . . .     Gourm    .   (shield restricted)
rNeg     . . .     Faith    .   k - +0 ring mail
rPois    .         Spirit   .   (no helmet)
rElec    .         Reflect  .   (no cloak)
rCorr    .         Harm     .   (no gloves)
MR       .....                  (no boots)
Stlth    +.........             (no amulet)
HPRegen  0.05/turn              (no ring)
MPRegen  0.08/turn              (no ring)

@: mighty
A: small, carnivore
a: no special abilities


You were on level 1 of the Dungeon.
You were not hungry.

You visited 1 branch of the dungeon, and saw 1 of its levels.

You collected 27 gold pieces.

Inventory:

Hand Weapons
 a - a +0 hand crossbow (weapon)
 b - a +0 hand axe
Missiles
 d - 12 bolts (quivered)
Armour
 e - a +0 robe
 k - a +0 ring mail (worn)
Scrolls
 f - a scroll of remove curse {unknown}
 g - a scroll of enchant weapon {unknown}
 i - a scroll of teleportation {unknown}
Comestibles
 c - 2 rations


   Skills:
 - Level 1.1 Fighting
 + Level 3.2 Crossbows
 - Level 2.4 Dodging
 - Level 1.1 Spellcasting
 - Level 3.0 Hexes


You had 2 spell levels left.
You knew the following spells:

 Your Spells              Type           Power        Failure   Level  Hunger
a - Corona                Hex            #......      26%         1    ##.....

Your spell library contained the following spells:

 Spells                   Type           Power        Failure   Level  Hunger
 Slow                     Hex            #.......     38%         2    ###....
 Inner Flame              Hex/Fire       #.......     83%         3    ####...
 Portal Projectile        Hex/Tloc       #.....       83%         3    ####...
 Cause Fear               Hex            #.........   95%         4    #####..
 Leda's Liquefaction      Hex/Erth       #.........   99%         4    #####..


Dungeon Overview and Level Annotations

Branches:
Dungeon (1/15)

Altars:


Innate Abilities, Weirdness & Mutations

You are small and have problems with some larger weapons.
You are carnivorous and can eat meat at any time.


Message History

The ooze is heavily wounded.
The kobold closely misses you. The kobold hits you with a +0 dagger.
* * * LOW HITPOINT WARNING * * *
Firing (i - inventory)
d - 14 bolts (quivered)
Press: ? - help, Shift-Dir - straight line, f/p - kobold
Aim: a kobold, wielding a +0 dagger and wearing an uncursed amulet of harm You shoot a bolt.
The bolt closely misses the kobold.
The bolt hits the ooze.
The ooze is heavily wounded.
The kobold hits you with a +0 dagger.
* * * LOW HITPOINT WARNING * * *
Firing (i - inventory)
d - 13 bolts (quivered)
Press: ? - help, Shift-Dir - straight line, f/p - kobold
Aim: a kobold, wielding a +0 dagger and wearing an uncursed amulet of harm You shoot a bolt.
The bolt barely misses the kobold.
The bolt hits the ooze.
The ooze is severely wounded.
The kobold barely misses you.
It was a potion of might.
You feel very mighty all of a sudden. The kobold hits you with a +0 dagger.
You die...

##..............#
#................
#................
#....#####.###### ##
#...)#........... ...###
#....#.#######'## . ....##
#....#.#.........
#...##..####...#.#.########
......(wJK@)...#.#.#.......
.......#g###...#.#.#.###.##
.g.#...#.# #...#.#.#.#)....
. #.###.# #.....#...#..<..
#.....###...#.#.#.#.....
....#....##...#.#.#.######
#. #..#.####.#.#.#.......
#. #......##.#.#.########
.....#.##....#.#.........


You could see an ooze, a dart slug, a goblin and a kobold.

Vanquished Creatures
  A leopard gecko (D:1)
  A giant cockroach (D:1)
  2 goblins (D:1)
  A rat (D:1)
5 creatures vanquished.

Notes
Turn   | Place    | Note
-------+----------+-------------------------------------------
     0 | D:1      | tilp the Kobold Arcane Marksman began the quest for the
                  | Orb.
     0 | D:1      | Reached XP level 1. HP: 12/12 MP: 2/2
   145 | D:1      | Reached XP level 2. HP: 16/16 MP: 3/3
   190 | D:1      | Slain by a kobold

Levels and vault maps discovered:
D:1:      matt_arrival_refuge, layout_rooms, hangedman_decor_points,
          minmay_tromino_i4

Skill      XL: |  1 |
---------------+----+-----
Crossbows      | 3 |  3.2
Fighting       | |  1.1
Dodging        | |  2.4
Spellcasting   | |  1.1
Hexes          | |  3.0

Action                   || total
-------------------------++-------
Melee: Hand axe          ||     2
 Fire: Hand crossbow     ||    14
  Use: Potion            ||     1
  Eat: Chunk             ||     1
Armor: Ring mail         ||     2
Dodge: Dodged            ||     5

Table legend:
 A = Non-vault XP
 B = Vault XP
 C = Vault XP percentage of total XP
 D = Non-vault monster count
 E = Vault monster count
 F = Vault count percentage of total count
                 A         B        C        D         E       F
            +---------+---------+-------+---------+---------+-------
      Total |      10 |       0 |   0.0 |       5 |       0 |   0.0
            +---------+---------+-------+---------+---------+-------
        D:1 |      10 |       0 |   0.0 |       5 |       0 |   0.0
            +---------+---------+-------+---------+---------+-------
